 Dungeon Crawl Stone Soup version 0.17-a0-1069-g92ad481 (console) character file.

280181 hyperkellhus the Lord of Darkness (level 21, -1/165 HPs)
             Began as a Human Summoner on May 16, 2015.
             Was the Champion of Kikubaaqudgha.
             Slain by a wolf spider simulacrum (31 damage)
             ... animated by a necromancer
             ... on level 3 of the Vaults on May 17, 2015.
             The game lasted 03:39:01 (79343 turns).

hyperkellhus the Lord of Darkness (Human Summoner) Turns: 79343, Time: 03:39:01

Health: -1/165     AC: 21    Str: 13      XL:     21   Next: 77%
Magic:  32/46      EV: 23    Int: 26 (27) God:    Kikubaaqudgha [******]
Gold:   2137       SH:  5    Dex: 16      Spells: 10 memorised, 12 levels left

rFire  + . .     SeeInvis .     a - +8 demon blade (pain)
rCold  . . .     Clarity  .     F - +3 leather armour {rF+}
rNeg   . . .     SustAb   .     Y - +0 buckler {AC+3}
rPois  +         Gourm    .     I - +2 hat {MR+}
rElec  .         Spirit   .     j - +0 cloak
rCorr  +         Warding  .     Z - +1 pair of gloves {Str+3}
rMut   .         Stasis   .     f - +1 pair of boots
MR     ++...                    q - amulet of resist corrosion
Stlth  ++........               T - +5 ring of intelligence
                                h - ring of magical power

@: marked, very slightly contaminated, hasted, repel missiles, very quick, very
resistant to hostile enchantments, unstealthy
A: iridescent scales 1, poison resistance
a: Receive Corpses, Torment, Renounce Religion
}: 1/15 runes: decaying


You were on level 3 of the Vaults.
You worshipped Kikubaaqudgha.
Kikubaaqudgha was exalted by your worship.
You were hungry.

You visited 7 branches of the dungeon, and saw 38 of its levels.
You also visited: Sewer, Ice Cave and Volcano.

You collected 4279 gold pieces.
You spent 2142 gold pieces at shops.

Inventory:

Hand weapons
 a - a +8 demon blade of pain (weapon)
 b - the +10 falchion of Raomi Poss {flame, +Rage}
   (You took it off Maud on level 11 of the Dungeon)

   It has been specially enchanted to burn those struck by it, causing extra
   injury to most foes and up to half again as much damage against particularly
   susceptible opponents.
   Big, fiery blades are also staple armaments of hydra-hunters.
   It lets you go berserk.
 g - a +2 blowgun of evasion
 N - a +2 double sword of slicing
Missiles
 s - 6 curare-tipped needles
 H - 55 poisoned needles
Armour
 f - a +1 pair of boots (worn)
 j - a +0 cloak (worn)
 F - a +3 leather armour of fire resistance (worn)
 I - a +2 hat of magic resistance (worn)
 Y - a +0 buckler of protection (worn)
 Z - a +1 pair of gloves of strength (worn)
Jewellery
 h - a ring of magical power (left hand)
 p - an uncursed ring of flight
 q - an amulet of resist corrosion (around neck)
 u - an uncursed ring of protection from cold
 y - the ring of Warch {*Confuse MP+9 Dex+2 Slay+2}
   (You took it off a salamander stormcaller on level 2 of the Vaults)

   [ring of magical power]

   It affects your dexterity (+2).
   It affects your accuracy and damage with ranged weapons and melee attacks
   (+2).
   It affects your magic capacity (+9).
   It may confuse you when you take damage.
 C - an uncursed ring of see invisible
 P - an uncursed ring of positive energy
 T - a +5 ring of intelligence (right hand)
 V - an uncursed ring of protection from fire
Magical devices
 d - a wand of cold (9)
 i - a wand of disintegration (8)
 B - a wand of disintegration (11)
 L - a wand of fire (1)
 M - a wand of digging (16)
 Q - a wand of teleportation (0)
Scrolls
 e - a scroll of fog
 n - 5 scrolls of recharging
 o - a scroll of holy word
 t - 6 scrolls of magic mapping
 x - 2 scrolls of teleportation
 A - 2 scrolls of fear
 K - a scroll of amnesia
 S - 16 scrolls of identify
 U - 7 scrolls of remove curse
 W - 2 scrolls of enchant armour
Potions
 k - 2 potions of resistance
 l - 4 potions of heal wounds
 r - a potion of cure mutation
 w - 3 potions of might
 D - 6 potions of flight
 E - 3 potions of magic
 G - a potion of cancellation
 J - 6 potions of agility
 O - a potion of curing
 X - 5 potions of brilliance
Comestibles
 c - 16 bread rations
 m - 5 chunks of flesh
 v - 16 meat rations
 z - 2 beef jerkies
 R - 28 fruits


   Skills:
 - Level 14.0 Fighting
 - Level 14.0 Long Blades
 - Level 4.0 Armour
 - Level 16.0 Dodging
 - Level 2.0 Stealth
 - Level 5.0 Shields
 - Level 12.0 Spellcasting
 - Level 12.0 Charms
 - Level 6.0 Summonings
 + Level 16.9 Necromancy
 - Level 9.0 Translocations


You had 12 spell levels left.
You knew the following spells:

 Your Spells              Type           Power        Failure   Level  Hunger
a - Summon Small Mammal   Summ           ####         1%          1    None
b - Call Imp              Summ           #####...     1%          2    None
c - Call Canine Familiar  Summ           #####...     1%          3    None
d - Vampiric Draining     Necr           #######...   0%          3    None
e - Regeneration          Chrm/Necr      ######....   1%          3    None
h - Haste                 Chrm           ######..     6%          6    #####..
l - Blink                 Tloc           N/A          1%          2    None
p - Phase Shift           Tloc           ######....   3%          5    ###....
r - Repel Missiles        Chrm/Air       #####.       1%          2    None
u - Dispel Undead         Necr           #######.     1%          5    ###....


Dungeon Overview and Level Annotations

Branches:
Dungeon (15/15)            Temple (0/1) D:6            Lair (8/8) D:11
  Swamp (4/4) Lair:6        Snake (2/4) Lair:6        Slime (0/6) Lair:7
    Orc (4/4) D:12            Elf (2/3) Orc:4        Vaults (3/5) D:13
  Crypt (0/3) Vaults:3     Depths (0/5) D:15

Altars:
Ashenzari
Cheibriados
Elyvilon
Gozag
Kikubaaqudgha
Makhleb
Okawaru
Trog
Vehumet
Xom
The Shining One
Beogh

Shops:
D:7 =   D:9 =   D:15 %*(   Orc:2 ?   Orc:4 *%[?   Snake:1 ?:[*

Annotations:
Lair:5 exclusions: hog, hydra and 1 more exclusion
Snake:2 Vashnia
Elf:1 exclusion: Roxanne, Roxanne
Elf:2 Jorgrun


Innate Abilities, Weirdness & Mutations

You are partially covered in iridescent scales (AC +4).
Your system is resistant to poisons.


Message History

You feel yourself slow down.
The white ugly thing closely misses you.
The white ugly thing basks in your mutagenic energy and changes!
Read which item? (? for menu, Esc to quit)
Okay, then.
Evoke which item? (* to show all) (? for menu, Esc to quit)
Okay, then.
Drink which item? (? for menu, Esc to quit)
Drink which item? (? for menu, Esc to quit)
Okay, then.
Casting: Blink
Confirm with . or Enter, or press ? or * to list all spells.
Aiming: Haste
Press: ? - help, Shift-Dir - straight line, f - you You feel yourself speed up.
The wolf spider simulacrum hits you!
* * * LOW HITPOINT WARNING * * *
The wolf spider simulacrum freezes you!!
You die...
Kikubaaqudgha rasps: "You have failed me!
Welcome... death!"

#....#.#≈≈#.#....#......#
#....#.#≈≈#.'....#......#
#....#.####.#....'..<...#
#..Z.#......#....#......#
#...Z########....#......#
#...oN...........#......#
#...Wp...........####+#+#
#...p.uZ.................
#.....s.@................
#........................
#....................####
#....................####
#.......########.....##..
#.......# #.....##.#
#.....### ###...##.#
#..... #...#..# #...##.#


You could see an ironheart preserver, a salamander stormcaller, an orc knight, a
green ugly thing, a wolf spider, a freezing wraith, a necromancer, a wolf spider
simulacrum and 2 wolf spider zombies.

Vanquished Creatures
  A sphinx (Vaults:2)
  Gastronok (Lair:2)
  Kirke (Lair:4)
  Donald (Snake:1)
  2 frost giants
  Maud (D:11)
  11 vault wardens
  A deep elf sorcerer (Vaults:1)
  An orc warlord (Vaults:2)
  Aizul (Elf:1)
  11 ironheart preservers
  The ghost of Synthetic the Brawler, a powerful TrTm of Cheibriados (Lair:7)
  2 very ugly things (Vaults:3)
  6 stone giants
  The ghost of Protee the Martial Artist, a powerful MfTm of Ru (Orc:3)
  2 deep elf annihilators (Vaults:1)
  A red draconian (Volcano)
  Snorg (Lair:5)
  A deep elf death mage (Elf:1)
  9 ogre magi
  2 fire dragons
  Josephine (D:13)
  3 great orbs of eyes
  3 yaktaur captains
  24 hydras
  5 vault guards
  A rakshasa (D:9)
  5 naga warriors
  2 catoblepae (Lair:8)
  2 anacondas (Snake:1)
  3 ghost crabs
  12 centaur warriors
  2 death knights (Vaults:3)
  3 dancing weapons
  3 deep troll earth magi (Vaults:1)
  11 alligators
  A salamander stormcaller (Vaults:2)
  2 tengu warriors
  9 death yaks
  A shock serpent (shapeshifter) (D:15)
  3 shock serpents (Snake:2)
  Urug (Lair:3)
  9 deep elf knights
  7 naga sharpshooters
  3 wizards
  3 shadow wraiths
  4 skeletal warriors (D:12)
  3 unseen horrors
  A sea snake (Snake:2)
  2 fire crabs (Vaults:2)
  7 deep trolls
  2 spriggan druids (Swamp:3)
  4 deep elf summoners
  An ice statue (IceCv)
  6 hill giants
  An unseen horror (shapeshifter) (D:14)
  A giant orange brain (Vaults:2)
  3 necromancers
  3 shambling mangroves
  16 swamp dragons
  16 ironbrand convokers
  A lindwurm (Lair:7)
  4 hornets
  9 deep elf conjurers
  2 griffons
  6 wolf spiders
  3 mana vipers (Snake:1)
  An orb spider (shapeshifter) (Elf:1)
  4 orc sorcerers
  30 ugly things
  A guardian serpent (shapeshifter) (Vaults:3)
  3 manticores
  4 centaur zombies
  An oklob plant (D:14)
  15 orc knights
  Maurice (D:13)
  14 cyclopes
  7 naga magi
  6 salamanders
  Joseph (D:9)
  11 elephants
  2 guardian serpents
  13 vault sentinels
  2 molten gargoyles (Volcano)
  3 gargoyles
  16 black mambas
  A torpor snail (Lair:6)
  18 spiny frogs
  6 centaur skeletons
  2 kobold demonologists
  2 efreet (D:13)
  A yaktaur zombie (Vaults:1)
  26 yaktaurs
  13 trolls
  5 fire drakes
  A komodo dragon (shapeshifter) (Elf:1)
  7 komodo dragons
  7 deep elf priests
  A tengu conjurer (D:13)
  A troll (shapeshifter) (Vaults:2)
  8 giant leeches
  13 two-headed ogres
  4 freezing wraiths
  Grinder (D:2)
  16 polar bears
  14 ravens
  12 blink frogs
  45 slime creatures
  4 boulder beetles
  9 bog bodies
  A human simulacrum (Vaults:1)
  A blink frog (shapeshifter) (Elf:1)
  A redback (Vaults:3)
  4 large abominations (Elf:1)
  3 trapdoor spiders
  A vampire (D:13)
  A water elemental (D:15)
  7 wyverns
  3 shadows
  23 deep elf fighters
  9 wraiths
  62 yaks
  4 hogs
  3 spriggans
  8 basilisks
  2 hungry ghosts
  18 deep elf magi
  A steam dragon (D:7)
  39 vampire mosquitoes
  17 hippogriffs
  6 wargs
  A mottled dragon (Vaults:1)
  18 swamp worms
  6 insubstantial wisps (Swamp:3)
  A redback simulacrum (D:14)
  22 water moccasins
  7 nagas
  31 wolves
  11 porcupines
  A deep troll skeleton (Vaults:1)
  2 soldier ants
  27 orc warriors
  2 phantoms
  2 eyes of draining (shapeshifter)
  15 swamp drakes
  3 black bears (D:9)
  48 ogres
  8 spiders (D:14)
  An ice beast (D:6)
  4 wasps
  An eye of draining (D:13)
  An orc skeleton (Vaults:1)
  A tengu (shapeshifter) (Elf:1)
  14 crocodiles
  14 boggarts
  4 sky beasts
  2 necrophages
  8 centaurs
  3 big kobolds
  2 elf zombies (Elf:1)
  2 brain worms
  17 giant frogs
  A water moccasin skeleton (D:5)
  A scorpion (D:14)
  7 killer bees
  A lava snake (Volcano)
  5 electric eels
  19 wights
  10 crimson imps
  2 giant frog zombies
  A jelly (shapeshifter) (D:15)
  4 iguanas
  10 jellies
  25 orc priests
  6 hounds
  2 giant frog skeletons
  9 worker ants
  5 hell rats (Lair:6)
  25 orc wizards
  20 sheep
  A hound zombie (D:5)
  A hound skeleton (D:9)
  98 river rats
  2 worker ant zombies (D:11)
  2 shadow imps
  11 adders
  12 white imps (D:12)
  14 oozes
  2 giant geckos
  149 orcs
  11 bats
  A bat skeleton (D:8)
  3 giant cockroaches
  23 goblins
  16 hobgoblins
  4 jackals
  24 kobolds
  8 quokkas
  3 ball pythons
  A giant newt (D:6)
  A quokka skeleton (D:4)
  12 rats
  A bush (D:5)
  A fungus (Lair:8)
1671 creatures vanquished.

Vanquished Creatures (collateral kills)
  The ghost of Charly the Martial Artist, an experienced DsMo of Cheibriados (D:10)
  2 hill giants (D:10)
  An ugly thing (D:11)
  A manticore (D:11)
  2 centaur zombies
  2 komodo dragons
  2 kobold demonologists (D:9)
  Prince Ribbit (D:5)
  A wyvern (D:9)
  2 hippogriffs
  2 yaks (D:10)
  An ice beast (D:10)
  2 orc warriors
  A phantom (D:9)
  2 sky beasts
  A necrophage (D:10)
  3 ogres
  4 big kobolds
  4 centaurs
  2 giant frogs
  4 wights
  A crimson imp (D:10)
  2 jellies
  4 hounds
  An iguana (D:5)
  4 orc wizards
  A quasit (D:9)
  Ijyb (D:3)
  3 orc priests
  A centaur skeleton (D:10)
  Robin (D:3)
  3 gnolls (D:5)
  10 adders
  A river rat (Lair:2)
  2 shadow imps
  An ooze (D:2)
  An adder skeleton (D:7)
  2 worms
  23 orcs
  3 bats
  A giant cockroach (D:4)
  10 goblins
  8 hobgoblins
  4 jackals
  11 kobolds
  2 quokkas
  A giant cockroach zombie (D:5)
  2 giant newts
  10 rats
155 creatures vanquished.

Vanquished Creatures (others)
  Erolcha (D:13)
  A manticore (shapeshifter) (D:13)
  A yaktaur (Vaults:2)
  A bog body (Swamp:3)
  A redback (Elf:2)
  A swamp drake (Swamp:4)
  An orc warrior (Vaults:3)
  2 boggarts
  A lost soul (Elf:1)
  A centaur (Vaults:3)
  39 crimson imps
  6 iron imps
  45 hounds
  2 river rats
  10 shadow imps
  24 white imps
  An orc (Vaults:1)
  12 bats
  24 quokkas
  12 rats
  A butterfly (Lair:5)
  31 fungi
  6 plants
224 creatures vanquished.

Grand Total: 2050 creatures vanquished

Notes
Turn   | Place    | Note
--------------------------------------------------------------
     0 | D:1      | hyperkellhus the Human Summoner began the quest for the Orb.
     0 | D:1      | Reached XP level 1. HP: 13/13 MP: 3/3
   446 | D:1      | Reached XP level 2. HP: 17/19 MP: 0/5
  1122 | D:2      | Reached XP level 3. HP: 21/24 MP: 0/6
  1312 | D:2      | Reached skill level 5 in Summonings
  1395 | D:2      | Learned a level 2 spell: Call Imp
  2004 | D:3      | Noticed Grinder
  2004 | D:3      | Noticed Robin
  2569 | D:3      | Reached XP level 4. HP: 30/30 MP: 1/7
  2869 | D:3      | Killed Robin
  3127 | D:3      | Learned a level 3 spell: Call Canine Familiar
  3598 | D:3      | Noticed Ijyb
  3612 | D:3      | Killed Ijyb
  3612 | D:3      | Reached XP level 5. HP: 35/35 MP: 0/8
  3765 | D:4      | Reached skill level 6 in Summonings
  3976 | D:4      | Found a glowing drain.
  4193 | Sewer    | Entered a sewer
  4360 | Sewer    | Reached XP level 6. HP: 35/41 MP: 4/11
  4430 | Sewer    | Found a white marble altar of Elyvilon.
  4615 | D:4      | Found an iron altar of Okawaru.
  4618 | D:4      | Found a white marble altar of Elyvilon.
  5179 | D:5      | Entered Level 5 of the Dungeon
  5659 | D:5      | Noticed Prince Ribbit
  5806 | D:5      | Reached skill level 5 in Spellcasting
  5806 | D:5      | Reached XP level 7. HP: 16/46 MP: 10/14
  6090 | D:5      | Reached skill level 1 in Fighting
  6339 | D:5      | Noticed a sky beast
  6783 | D:5      | Learned a level 2 spell: Blink
  6786 | D:5      | Learned a level 2 spell: Repel Missiles
  6869 | D:5      | Found an ancient bone altar of Kikubaaqudgha.
  6874 | D:5      | Became a worshipper of Kikubaaqudgha
  6919 | D:5      | Killed a sky beast
  7126 | D:5      | Reached skill level 1 in Charms
  7435 | D:6      | Acquired Kikubaaqudgha's first power
  7435 | D:6      | Received a gift from Kikubaaqudgha
  7436 | D:6      | Identified Kikubaaqudgha's Grimoire of Darkness (Kikubaaqudgha gifted it to you on level 6 of the Dungeon)
  7445 | D:6      | Learned a level 3 spell: Vampiric Draining
  7549 | D:6      | Found an opulent altar of Gozag.
  7743 | D:6      | Reached XP level 8. HP: 55/58 MP: 7/15
  7804 | D:6      | Found an iron altar of Okawaru.
  7828 | D:6      | Reached skill level 1 in Necromancy
  8027 | D:6      | Found a staircase to the Ecumenical Temple.
  8037 | D:6      | Found a burning altar of Makhleb.
  8037 | D:6      | Found a glowing golden altar of the Shining One.
  8037 | D:6      | Found a radiant altar of Vehumet.
  8037 | D:6      | Found a shimmering altar of Xom.
  8531 | D:5      | Killed Prince Ribbit
  8996 | D:2      | Killed Grinder
  8996 | D:2      | Reached skill level 5 in Necromancy
  9470 | D:7      | Reached XP level 9. HP: 47/63 MP: 9/16
  9596 | D:7      | Reached skill level 7 in Necromancy
  9853 | D:7      | Found Orghevaph's Jewellery Shoppe.
 10013 | D:7      | Bought an uncursed ring of magical power for 200 gold pieces
 10077 | D:8      | Acquired Kikubaaqudgha's second power
 10578 | D:8      | Reached skill level 1 in Translocations
 11473 | D:9      | Noticed a rakshasa
 11473 | D:9      | Noticed a centaur zombie
 11547 | D:9      | Killed a rakshasa
 11547 | D:9      | Reached XP level 10. HP: 55/70 MP: 2/19
 11737 | D:9      | Killed a centaur zombie
 11737 | D:9      | Reached skill level 5 in Dodging
 11761 | D:9      | Noticed Joseph
 11871 | D:9      | Killed Joseph
 11871 | D:9      | Reached skill level 8 in Necromancy
 11972 | D:9      | Found Fiudugh's Jewellery Shoppe.
 12341 | D:9      | Noticed a kobold demonologist
 12342 | D:9      | Noticed a kobold demonologist
 12370 | D:9      | Killed a kobold demonologist
 12372 | D:9      | Noticed a kobold demonologist
 12407 | D:9      | Received a gift from Kikubaaqudgha
 12410 | D:9      | Identified Kikubaaqudgha's Papyrus of Black Magic (Kikubaaqudgha gifted it to you on level 9 of the Dungeon)
 12487 | D:9      | Noticed a smoke demon
 12511 | D:9      | Killed a kobold demonologist
 12511 | D:9      | Killed a kobold demonologist
 12852 | D:10     | Entered Level 10 of the Dungeon
 13844 | D:10     | Reached XP level 11. HP: 70/77 MP: 20/20
 13903 | D:10     | Noticed Charly's ghost (experienced DsMo)
 14138 | D:9      | Reached skill level 9 in Necromancy
 14324 | D:10     | Killed Charly's ghost
 14614 | D:10     | Learned a level 5 spell: Dispel Undead
 14835 | D:10     | Found a shimmering altar of Xom.
 14929 | D:10     | Noticed a hill giant
 14946 | D:10     | Killed a hill giant
 14946 | D:10     | Reached skill level 5 in Fighting
 15002 | D:10     | Acquired Kikubaaqudgha's third power
 15728 | D:9      | Bought an uncursed ring of see invisible for 210 gold pieces
 15826 | D:10     | Noticed a hill giant
 15834 | D:10     | Noticed an unseen horror
 15972 | D:10     | Killed an unseen horror
 16054 | D:10     | Killed a hill giant
 16519 | D:10     | Reached skill level 1 in Long Blades
 16629 | D:11     | Noticed a cyclops
 16731 | D:11     | Noticed a green ugly thing
 16733 | D:11     | Killed a cyclops
 16866 | D:11     | Killed a red ugly thing
 16959 | D:11     | Noticed a manticore
 17544 | D:11     | Killed a manticore
 17544 | D:11     | Reached skill level 5 in Long Blades
 18669 | D:11     | Learned a level 3 spell: Regeneration
 18682 | D:11     | Noticed an eight-headed hydra
 19055 | D:11     | Noticed a red ugly thing
 19069 | D:11     | Killed a red ugly thing
 19069 | D:11     | Reached XP level 12. HP: 35/88 MP: 17/22
 19375 | D:11     | Noticed Maud
 19664 | D:11     | Found a staircase to the Lair.
 19673 | Lair:1   | Entered Level 1 of the Lair of Beasts
 19798 | Lair:1   | Found a shimmering altar of Xom.
 20153 | Lair:1   | Noticed an eight-headed hydra
 20732 | Lair:2   | Noticed Gastronok
 21711 | Lair:2   | Killed Gastronok
 21877 | Lair:2   | Reached skill level 10 in Long Blades
 22033 | Lair:2   | Acquired Kikubaaqudgha's fourth power
 22714 | Lair:3   | Reached skill level 11 in Long Blades
 23090 | Lair:3   | Noticed Urug
 23756 | Lair:3   | Reached XP level 13. HP: 48/93 MP: 23/23
 24240 | Lair:3   | Got a translucent leather armour
 24251 | Lair:3   | Identified the cursed +1 leather armour of Okawaru's Hope {Int+3} (You found it on level 3 of the Lair of Beasts)
 24700 | Lair:4   | Reached skill level 12 in Long Blades
 24928 | Lair:4   | Gained mutation: Your system is resistant to poisons. [potion of beneficial mutation]
 26198 | Lair:5   | Found a snail-covered altar of Cheibriados.
 26227 | Lair:5   | Reached skill level 13 in Long Blades
 26229 | Lair:5   | Noticed Snorg
 27267 | Lair:6   | You fall through a shaft for 2 floors!
 27267 | Lair:8   | Entered Level 8 of the Lair of Beasts
 27378 | Lair:7   | Found a dark tunnel.
 27393 | Volcano  | Entered a volcano
 27696 | Volcano  | Found a bloodstained altar of Trog.
 27696 | Volcano  | Noticed a red draconian
 27708 | Volcano  | Killed a red draconian
 28045 | Volcano  | Reached skill level 14 in Long Blades
 28410 | Lair:7   | Found a staircase to the Slime Pits.
 28419 | Lair:7   | Noticed Synthetic's ghost (powerful TrTm)
 28425 | Lair:7   | Killed Synthetic's ghost
 28788 | Lair:6   | Found a staircase to the Swamp.
 29707 | D:11     | Got an ichor-stained scale mail
 29761 | D:11     | Noticed a cyclops
 29774 | D:11     | Killed a cyclops
 29852 | D:11     | Found a shattered altar of Ashenzari.
 29860 | D:11     | Identified a scroll of acquirement
 29861 | D:11     | Got a polished triple sword
 29862 | D:11     | Identified the +7 triple sword of Exquisite Death {holy, rPois rF+} (You acquired it on level 11 of the Dungeon)
 29910 | D:11     | Noticed a cyclops
 29927 | D:11     | Killed a cyclops
 30153 | D:11     | Killed Maud
 30153 | D:11     | Reached XP level 14. HP: 68/105 MP: 24/24
 30155 | D:11     | Got an ichor-stained falchion {flame}
 30158 | D:11     | Identified the +10 falchion of Raomi Poss {flame, +Rage} (You took it off Maud on level 11 of the Dungeon)
 30566 | D:12     | Found a frozen archway.
 30640 | IceCv    | Entered an ice cave
 30805 | IceCv    | Reached skill level 10 in Dodging
 32092 | IceCv    | Reached skill level 10 in Necromancy
 32239 | IceCv    | Noticed a frost giant
 32369 | IceCv    | Killed a frost giant
 32412 | IceCv    | Got a crystal hunting sling
 32426 | IceCv    | Identified Laus's Almanac of Vitriolic Cold (You found it in an ice cave)
 32438 | IceCv    | Identified the +1 scale mail of Somewhere Else {Str-2 Int+3 Dex+4} (You found it on level 11 of the Dungeon)
 32745 | D:12     | Found a bloodstained altar of Trog.
 33144 | D:12     | Found a staircase to the Orcish Mines.
 33168 | D:12     | Reached skill level 5 in Charms
 34277 | Lair:3   | Killed Urug
 34355 | Lair:5   | Noticed Kirke
 34493 | Lair:4   | Noticed a sphinx
 34720 | Lair:4   | Noticed a sphinx
 34859 | Lair:4   | Killed Kirke
 34859 | Lair:4   | Reached XP level 15. HP: 49/110 MP: 7/27
 35232 | Lair:5   | Killed Snorg
 35904 | Lair:6   | Found a staircase to the Snake Pit.
 38920 | Lair:8   | Reached skill level 10 in Spellcasting
 41927 | Lair:8   | Reached skill level 10 in Fighting
 42275 | Lair:8   | Reached XP level 16. HP: 122/122 MP: 30/30
 43473 | Lair:1   | Killed a one-headed hydra
 43719 | D:13     | Noticed Erolcha
 43834 | D:13     | Noticed Maurice
 44179 | D:13     | Found a gate to the Vaults.
 44636 | D:13     | Killed Erolcha
 44895 | D:13     | Noticed Josephine
 45158 | D:5      | Identified a +5 demon blade of pain (a +3 demon blade of electrocution bloodied by Kikubaaqudgha)
 46919 | D:13     | Killed Josephine
 47781 | D:13     | Killed Maurice
 48362 | D:14     | Reached skill level 1 in Armour
 49499 | D:14     | Found a glowing golden altar of the Shining One.
 49663 | D:15     | Entered Level 15 of the Dungeon
 49901 | D:15     | Found Tiptu's Food Shoppe.
 50231 | D:15     | HP: 6/122 [white ugly thing (20)]
 50459 | D:15     | Found Ymothrys's General Store.
 50529 | D:15     | Reached XP level 17. HP: 111/128 MP: 31/31
 51397 | D:15     | Found a staircase to the Depths.
 51853 | D:15     | Found Ytuzef's Antique Weapon Boutique.
 52630 | Orc:1    | Entered Level 1 of the Orcish Mines
 52760 | Orc:1    | Found a roughly hewn altar of Beogh.
 53375 | Orc:3    | Noticed Protee's ghost (powerful MfTm)
 53380 | Orc:3    | Killed Protee's ghost
 53988 | Orc:2    | Found Piof Ala's Magic Scroll Shoppe.
 54149 | Orc:1    | Found a bloodstained altar of Trog.
 54974 | Orc:4    | Entered Level 4 of the Orcish Mines
 55081 | Orc:4    | Found Uwkuolopt's Armour Boutique.
 55323 | Orc:4    | Found Buklef Tagg's Magic Scroll Shoppe.
 55445 | Orc:4    | Found Tolem's General Store.
 55531 | Orc:4    | Found Tiesiw's Food Shop.
 55535 | Orc:4    | Bought a scroll of enchant weapon for 82 gold pieces
 55701 | Orc:4    | Found a staircase to the Elven Halls.
 56145 | Orc:4    | Bought a +0 buckler of protection for 184 gold pieces
 56145 | Orc:4    | Bought a +1 pair of gloves of strength for 264 gold pieces
 56202 | Elf:1    | Entered Level 1 of the Elven Halls
 56226 | Orc:4    | Reached skill level 1 in Shields
 56845 | Elf:1    | Noticed Aizul
 56873 | Elf:1    | Killed Aizul
 57130 | Elf:1    | Reached skill level 5 in Shields
 57378 | Elf:1    | Noticed Roxanne
 57739 | Elf:1    | Reached XP level 18. HP: 82/138 MP: 32/32
 57747 | Elf:1    | Reached skill level 10 in Charms
 57835 | Elf:1    | Identified Cigotuvi's Compendium of Dark Arts
 58158 | Elf:2    | Noticed Jorgrun
 59099 | Lair:2   | Learned a level 6 spell: Haste
 59099 | Lair:2   | Upgraded the game from 0.17-a0-1056-g838d5c0 to 0.17-a0-1069-g92ad481
 59168 | Snake:1  | Entered Level 1 of the Snake Pit
 59327 | Snake:1  | Found Beamobigh's Antique Armour Emporium.
 59353 | Snake:1  | Found a bloodstained altar of Trog.
 59376 | Snake:1  | Found Gejaew's Book Shop.
 59386 | Snake:1  | Noticed Donald
 59702 | Snake:1  | Found Bequliam's Assorted Antiques.
 60158 | Snake:1  | Found Ytwiostro's Magic Scroll Shoppe.
 60263 | Snake:1  | Killed Donald
 60474 | Snake:1  | Bought a runed robe for 16 gold pieces
 60495 | Snake:1  | Bought a silken robe for 136 gold pieces
 60495 | Snake:1  | Identified the +2 robe of Midsummer {*Confuse rPois rC+} (You bought it in a shop on level 1 of the Snake Pit)
 61165 | Snake:2  | Noticed Vashnia
 62016 | Swamp:1  | Entered Level 1 of the Swamp
 62402 | Swamp:1  | You fall through a shaft!
 64319 | Swamp:2  | Reached XP level 19. HP: 143/143 MP: 35/35
 66352 | D:11     | Killed a two-headed hydra
 66528 | D:15     | Bought a potion of beneficial mutation for 595 gold pieces
 66528 | D:15     | Gained mutation: You are partially covered in iridescent scales (AC +4). [potion of beneficial mutation]
 66951 | Snake:1  | Bought a thin brass amulet for 175 gold pieces
 66956 | Snake:1  | Bought a potion of heal wounds for 175 gold pieces
 66956 | Snake:1  | Bought a scroll of teleportation for 105 gold pieces
 67109 | Swamp:4  | Entered Level 4 of the Swamp
 68673 | Swamp:4  | Reached skill level 15 in Necromancy
 68895 | Swamp:4  | Got a decaying rune of Zot
 69798 | Vaults:1 | Entered Level 1 of the Vaults
 70631 | Vaults:1 | Reached skill level 16 in Necromancy
 70776 | Vaults:1 | Reached skill level 5 in Translocations
 70776 | Vaults:1 | Reached XP level 20. HP: 118/153 MP: 36/36
 73441 | Lair:2   | Learned a level 5 spell: Phase Shift
 74458 | Vaults:2 | Reached skill level 15 in Dodging
 75705 | Vaults:2 | Reached XP level 21. HP: 159/159 MP: 33/37
 75904 | Vaults:2 | Got a translucent lapis lazuli ring
 75910 | Vaults:2 | Identified the ring of Warch {*Confuse MP+9 Dex+2 Slay+2} (You took it off a salamander stormcaller on level 2 of the Vaults)
 78765 | Vaults:3 | Found a staircase to the Crypt.
 79335 | Vaults:3 | HP: 1/165 [white ugly thing (16)]
 79343 | Vaults:3 | Slain by a wolf spider simulacrum

Vault maps used:
D:1:      elethiomel_arrival_infinity_welcomes_careful_drivers,
          hangedman_abyss_or_decor_stabs
D:3:      serial_curves, eino_curves_01, eino_curves_03, minmay_parallelograms,
          minmay_misc_feat_iff, uniq_grinder, uniq_iyjb, uniq_robin
D:4:      nicolae_overflow_hidden_temple, portal_sewer_entry_e
D:5:      kiku_gazebo_garden_becter, first_bread, kb_lookout_dungeons_type,
          uniq_prince_ribbit1
D:6:      grunt_temple_overflow_cloverleaf, minmay_temple_entry_butterflies,
          basic_altar, grunt_gozag_breadcrumbs
D:7:      serial_shops, nicolae_shop_window_shopping
D:8:      the_bakery
D:9:      serial_shops, shop, uniq_joseph
D:10:     basic_altar, st_stairs_3
D:11:     lair_0_dummy, basic_altar, uniq_maud
D:12:     orc_0_dummy, portal_ice_cave_entry_imps, trog_ov_bears_minmay
D:13:     nooodl_glass_maze, erik_vaults_1, uniq_josephine, uniq_erolcha,
          uniq_maurice
D:14:     lemuel_slime, nicolae_tso_swordbearing_angel, spider_trap
D:15:     gammafunk_enter_depths_forms, serial_shops,
          nicolae_shop_overgrown_old_shop, shop_fountains,
          nicolae_shop_competitors_out_of_business, minmay_crystal_water
Lair:1:   basic_altar, grunt_megastairs_1, infiniplex_staircase_pool
Lair:2:   lemuel_old_faithful, serial_bayou_shore_a, lemuel_fruit_tree,
          grunt_megastairs_3, uniq_gastronok
Lair:3:   uniq_urug
Lair:4:   minmay_lair_drake_nest
Lair:5:   basic_altar, lemuel_fruit_fields, grunt_megastairs_2,
          serial_bayou_shore_b, uniq_kirke, uniq_snorg
Lair:6:   swamp_mist_pool, minmay_snake_entry_spellcaster, beast_lair_carwin_3,
          serial_bayou_shore_b, lemuel_fruit_fields, bh_autumn_forest_stairs
Lair:7:   slime_dummy, nicolae_volcano_entry_vermiform, serial_bayou_shore_b
Lair:8:   hangedman_lair_in_review, minivault_26
Swamp:1:  evilmike_swamp_ruin_house_2
Swamp:2:  evilmike_swamp_ruin_rubble_2, swamp_pool4, st_swamp_ruins_4
Swamp:3:  evilmike_swamp_ruin_house_3, swamp_pool1
Swamp:4:  swamp
Snake:1:  basic_altar, serial_shops, nicolae_shop_trees,
          nicolae_shop_behind_doors, shop_statue, shop,
          nicolae_snake_linked_coils, grunt_ministairs_6, uniq_donald
Snake:2:  grunt_ministairs_1, guppyfry_snake_island, uniq_vashnia
Orc:1:    basic_altar, trog_hazing_becter
Orc:2:    serial_shops, shop, mines4_lemuel
Orc:3:    nicolae_orc_pool_cavern
Orc:4:    st_orc_open
Elf:1:    eino_elf_arrival_the_gate, minmay_elf_necromancy,
          nrook_mini_backslash, uniq_aizul, uniq_roxanne
Elf:2:    nooodl_food_tri, uniq_jorgrun
Vaults:1: vaults_dpeg_cross, ontoclasm_vaults_spin, ontoclasm_vaults_bender,
          vaults_dpeg_ring, nicolae_vaults_angled_halls,
          nicolae_vaults_shelves_hall, nicolae_vaults_theta,
          vaults_room_corners, hangedman_vaults_maws,
          grunt_vaults_hallway_short, ontoclasm_vaults_eye
Vaults:2: nicolae_vaults_little_squares_3, grunt_vaults_trifunnel,
          st_octagons_1, hangedman_vaults_impose, vaults_room_grid,
          nicolae_vaults_stairing_the_circle, vaults_mumra_chevron_long,
          hangedman_vaults_stitches, vaults_room_stairs_pillars,
          ontoclasm_vaults_loading_screen, dpeg_vaults_monster_row,
          ontoclasm_vaults_fault, vaults_dpeg_diagonal
Vaults:3: ontoclasm_vaults_shuriken, vaults_room_fancy_cross,
          blue_anna_dwarven_crypt, grunt_vaults_bifocal, v_alt_pattern_3,
          v_alt_pattern_5, vaults_dpeg_spiral, nicolae_vaults_twisting_passages,
          vaults_dpeg_encased_lava, vaults_mumra_minichess
Sewer:    sewer_kobolds
IceCv:    ice_cave_caverns_01
Volcano:  volcano_lake

Action                   |  1- 3 |  4- 6 |  7- 9 | 10-12 | 13-15 | 16-18 | 19-21 || total
-------------------------+-------+-------+-------+-------+-------+-------+-------++-------
Melee: Hand axe          |    63 |    31 |       |       |       |       |       ||    94
       Unarmed           |     2 |       |       |       |       |       |       ||     2
       War axe           |       |     9 |       |       |       |       |       ||     9
       Dagger            |       |   113 |   352 |   331 |       |       |       ||   796
       Quarterstaff      |       |       |       |    51 |       |       |       ||    51
       Scimitar          |       |       |       |   464 |  1468 |   221 |       ||  2153
       Falchion          |       |       |       |       |   264 |    24 |   112 ||   400
       Demon blade       |       |       |       |       |       |  2067 |  1865 ||  3932
 Fire: Blowgun           |       |       |       |    18 |    18 |    13 |       ||    49
 Cast: Summon Small Mamm |    78 |    61 |     8 |    25 |       |       |       ||   172
       Call Imp          |       |    21 |    77 |   141 |     2 |       |       ||   241
       Call Canine Famil |       |     8 |    35 |    70 |     1 |       |       ||   114
       Repel Missiles    |       |       |     2 |     9 |     3 |    13 |     4 ||    31
       Vampiric Draining |       |       |     8 |    42 |    83 |    47 |    21 ||   201
       Blink             |       |       |     1 |    16 |    15 |    14 |     8 ||    54
       Dispel Undead     |       |       |       |    11 |    17 |    16 |    28 ||    72
       Regeneration      |       |       |       |     8 |    36 |    73 |    47 ||   164
       Haste             |       |       |       |       |       |     5 |    29 ||    34
       Phase Shift       |       |       |       |       |       |       |    21 ||    21
Evoke: Wand              |       |       |     2 |     1 |     2 |     1 |     1 ||     7
  Use: Potion            |     2 |     1 |     1 |     2 |     6 |     3 |     5 ||    20
       Scroll            |       |     4 |     8 |    22 |    14 |    13 |     9 ||    70
 Stab: Sleeping          |     1 |     1 |     4 |     4 |     3 |     2 |     2 ||    17
       Distracted        |       |     1 |     5 |     5 |     3 |     2 |       ||    16
       Fleeing           |       |       |       |       |     1 |       |       ||     1
       Confused          |       |       |       |       |       |     1 |       ||     1
  Eat: Chunk             |     7 |    13 |    21 |    27 |    57 |    65 |    58 ||   248
       Bread ration      |       |       |       |     4 |       |     2 |     1 ||     7
       Fruit             |       |       |       |     3 |       |     3 |     3 ||     9
       Pizza             |       |       |       |       |     2 |       |     1 ||     3
       Meat ration       |       |       |       |       |     1 |     1 |     1 ||     3
       Royal jelly       |       |       |       |       |     1 |       |       ||     1
       Beef jerky        |       |       |       |       |     1 |     1 |     1 ||     3
